[ AOE2 MATCH · #481346830 ]
UnrankedMongols vs Khmer
Player's team · LOSS
Rival team · WIN
[ REPLAY ANALYSIS · EXTRACTED FROM THE RECORDED GAME ]
Feudal
10:38
Castle
—
Imperial
—
| APM avg | 39.0 |
| APM peak | 70 |
| eAPM avg | 20.0 |
| Villagers / military | 23 / 2 |
Focus
⚔️ 9.1% · 🌾 90.9%
Militia ×2
Feudal
9:50
Castle
—
Imperial
—
| APM avg | 23.5 |
| APM peak | 40 |
| eAPM avg | 11.8 |
| Villagers / military | 29 / 4 |
Focus
⚔️ 18.8% · 🌾 81.2%
Skirmisher ×3 · Archer ×1
Match map
Initial resources + every placement click. Lines = walls · curves = elevation contours. ◆ gold · ⬟ stone · ● berries · ✦ relic · ◌ wall gap
Your base· Open — 4t gap
thomas4891's base· Open — unwalled flank
Smoothed initial terrain · ◌ = detected wall gap · hover for details
Inputs per minute
— MorningCat - - thomas4891
Build order — MorningCat
43 actions detected in the replay
| 0:02 | Build | House |
| 0:06 | Build | House |
| 0:08 | Create | Villager (Male) |
| 0:08 | Create | Villager (Male) |
| 0:09 | Create | Villager (Male) |
| 0:09 | Create | Villager (Male) |
| 0:26 | Build | House |
| 2:36 | Create | Villager (Male) |
| 2:37 | Create | Villager (Male) |
| 2:37 | Create | Villager (Male) |
| 3:13 | Create | Villager (Male) |
| 3:13 | Create | Villager (Male) |
| 3:46 | Create | Villager (Male) |
| 4:04 | Create | Villager (Male) |
| 4:18 | Create | Villager (Male) |
| 4:29 | Create | Villager (Male) |
| 4:52 | Create | Villager (Male) |
| 4:57 | Build | House |
| 5:16 | Build | Lumber Camp |
| 5:21 | Create | Villager (Male) |
| 5:58 | Create | Villager (Male) |
| 6:36 | Create | Villager (Male) |
| 6:50 | Create | Villager (Male) |
| 6:58 | Build | House |
| 7:02 | Build | Palisade Wall |
| 7:07 | Create | Villager (Male) |
| 7:42 | Build | Mill |
| 8:03 | Research | Loom |
| 8:19 | Research | Feudal Age |
| 8:43 | Build | Mining Camp |
| 9:27 | Build | Barracks |
| 9:36 | Create | Villager (Male) |
| 9:37 | Create | Villager (Male) |
| 9:53 | Build | Mining Camp |
| 10:09 | Create | Militia |
| 10:09 | Create | Militia |
| 10:38 | Age | Feudal Age |
| 10:48 | Create | Villager (Male) |
| 10:48 | Create | Villager (Male) |
| 11:58 | Build | Watch Tower |
| 12:14 | Build | Farm |
| 12:15 | Build | Farm |
| 12:16 | Build | Farm |
Build order — thomas4891
49 actions detected in the replay
| 0:03 | Build | House |
| 0:05 | Build | House |
| 0:06 | Create | Villager (Male) |
| 0:06 | Create | Villager (Male) |
| 0:06 | Create | Villager (Male) |
| 0:07 | Create | Villager (Male) |
| 0:07 | Create | Villager (Male) |
| 2:07 | Create | Villager (Male) |
| 2:29 | Create | Villager (Male) |
| 2:58 | Create | Villager (Male) |
| 2:58 | Create | Villager (Male) |
| 2:58 | Create | Villager (Male) |
| 3:39 | Build | House |
| 3:53 | Create | Villager (Male) |
| 3:53 | Create | Villager (Male) |
| 3:54 | Create | Villager (Male) |
| 3:54 | Create | Villager (Male) |
| 3:54 | Create | Villager (Male) |
| 4:16 | Create | Villager (Male) |
| 4:16 | Create | Villager (Male) |
| 4:25 | Build | Lumber Camp |
| 4:42 | Create | Villager (Male) |
| 4:42 | Create | Villager (Male) |
| 5:52 | Create | Villager (Male) |
| 6:25 | Create | Villager (Male) |
| 6:26 | Create | Villager (Male) |
| 6:39 | Research | Loom |
| 7:02 | Research | Feudal Age |
| 7:20 | Build | Mill |
| 8:19 | Build | House |
| 8:31 | Build | Palisade Wall |
| 8:37 | Build | House |
| 8:41 | Build | House |
| 9:37 | Create | Villager (Male) |
| 9:50 | Age | Feudal Age |
| 10:04 | Build | Archery Range |
| 10:14 | Create | Villager (Male) |
| 10:42 | Create | Villager (Male) |
| 11:06 | Research | Double-Bit Axe |
| 11:08 | Create | Villager (Male) |
| 11:10 | Create | Archer |
| 11:22 | Create | Villager (Male) |
| 11:28 | Research | Horse Collar |
| 11:45 | Build | Farm |
| 11:59 | Create | Skirmisher |
| 13:03 | Create | Villager (Male) |
| 13:05 | Create | Skirmisher |
| 13:13 | Create | Villager (Male) |
| 13:23 | Create | Skirmisher |
Match timeline
| 7:02 | MorningCat · wall_segment Palisade Wall x1 |
| 8:31 | thomas4891 · wall_segment Palisade Wall x2 |
| 9:27 | MorningCat · first_building Barracks |
| 9:50 | thomas4891 · age_up feudal |
| 10:04 | thomas4891 · first_building Archery Range |
| 10:38 | MorningCat · age_up feudal |
| 13:25 | MorningCat · resign |
[ AI ANALYSIS · 1 CREDIT ]
What really happened in this match?
Wolo.gg analyzes every decision: build order, eco, micro, common mistakes by bracket. Personalized analysis on WhatsApp or Discord in 30 seconds.
Civ guide
Mongols
Perfil
Jugador #4634182